[Event "Reykjavik Open 2025"]
[Site "Reykjavik"]
[Date "2025.04.13"]
[Round "6.1"]
[White "Maghsoodloo, Parham"]
[Black "Muradli, Mahammad"]
[Result "1-0"]
[Annotator "TA"]
[ECO "B90"]
[WhiteElo "2684"]
[BlackElo "2588"]
[PlyCount "115"]
[EventDate "2025.04.09"]
[EventType "swiss"]
[EventCountry "ISL"]
[SourceTitle "playchess.com"]
[Source "ChessBase"]
[SourceQuality "1"]
[TimeControl "40/5400+30:1800+30"]

1. e4 c5 2. Nf3 d6 3. d4 cxd4 4. Nxd4 Nf6 5. Nc3 a6 6. Be3 e5 7. Nf3 Be7 8. Bc4 O-O 9. Bb3 {[%emt 0:03:21] B90: Sicilian Najdorf: Unusual White 6th moves, 6 Be3 Ng4 and 6 Be3 e5.} Nc6 10. Qe2 Na5 11. Bg5 {[%emt 0:24:23] White has an edge.} Nxb3 12. axb3 Ne8 $146 (12... Be6 13. O-O Ng4 14. Bxe7 Qxe7 15. Rfd1 Nf6 16. h3 h6 17. Nh2 Rfd8 18. Rd3 Qc7 {½-½ Ponomarenko,M-Zavrazhnov,A RUS PV12 Cl-C email 2012}) 13. Bxe7 Qxe7 14. Nd5 Qd8 15. O-O f5 16. Rfd1 f4 17. c4 {[%emt 0:07:52][%csl Od5][%cal Bc2c4,Bc4c5][%mdl 32] Strong Square White (d5)} Bg4 18. h3 Bh5 19. b4 Kh8 20. c5 Rc8 $1 21. Ra3 Rc6 22. Rad3 {[%emt 0:10:43] White is much more active. The black rooks are passive.} g5 (22... h6 $14) 23. b3 Qd7 24. cxd6 (24. Nxe5 Bxe2 25. Nxd7 Rf7 $19) 24... Rxd6 25. Qb2 (25. Nb6 $16 Qc7 26. Nc4 Rxd3 27. Qxd3 (27. Rxd3 b5 $11)) 25... Qg7 $11 26. Rc1 (26. Qxe5 $2 Qxe5 27. Nxe5 Bxd1 28. Rxd1 Nf6 $17) 26... Re6 27. Rc8 g4 28. hxg4 Bxg4 {[%emt 0:00:02] aiming for ...Rg8.} 29. Nh2 Bh5 30. f3 Rg8 31. Rd2 Rg6 {[%emt 0:01:42] [#]} (31... Qg3 $11 {was preferable.}) 32. Nc7 $1 {[%emt 0:00:34] A dynamic duo of knights.} Nd6 (32... Nxc7 $6 33. Rxg8+ Kxg8 34. Rd8+ $16) 33. Rxg8+ Kxg8 34. Qc2 h6 $1 35. Qc5 Kh7 $1 36. Ne6 (36. Rxd6 $2 Rxg2+ 37. Kf1 (37. Kh1 $2 Rxh2+ 38. Kxh2 Qg3+ 39. Kh1 Bxf3#) 37... Rb2 $19 (37... Rxh2 $2 38. Qg1 $19)) 36... Rxe6 37. Rxd6 Rg6 38. Rxg6 Kxg6 {[%emt 0:00:09][%mdl 4096] Endgame KQB-KQN} 39. Nf1 Kh7 40. Nd2 Bf7 (40... Qd7 $11) 41. Qb6 (41. Nc4 $14) 41... Bg8 $1 42. Nc4 Bxc4 43. bxc4 {[%emt 0:00:00] KQ-KQ} Qe7 44. Qa5 Qd6 {[%emt 0:00:00] [#]} (44... Kg6 $11) 45. Kh2 (45. c5 $1 $16 Qd4+ 46. Kh2) 45... Qe7 46. Qa1 Kg6 47. c5 Qh4+ 48. Kg1 Kf7 49. Qc3 h5 50. Qa1 Kg6 51. Qd1 (51. Qxe5 $5 Qe1+ $8 52. Kh2 Qh4+ 53. Kg1 $11) 51... Qe7 52. Qd5 ({White should try} 52. Kf2 $14) 52... Kg5 ({Black should play} 52... Qh4 $1 $11) 53. Qg8+ Kh4 $2 {[%emt 0:00:19][%mdl 8192] Loses the game.} (53... Kh6 $11) 54. Qg6 {[%emt 0:00:08] White mates.} Qg5 55. Qf7 Qd8 56. Qg7 Qg5 57. Qxb7 a5 58. Qd7 {[%emt 0:00:23] Weighted Error Value: White=0.12 (very precise) /Black=0.25 (precise)   Loses game:     	---       	Black=1      Mistake:       	White=4     	Black=5      Inaccurate:     	White=5     	Black=3      OK:         	White=17    	Black=12     Best:        	White=2     	Black=1      Strong:       	---       	Black=4} 1-0

[Event "Reykjavik Open 2025"]
[Site "Reykjavik"]
[Date "2025.04.13"]
[Round "6.2"]
[White "Banusz, Tamas"]
[Black "Safarli, Eltaj"]
[Result "1/2-1/2"]
[Annotator "ChessBase"]
[ECO "D73"]
[WhiteElo "2592"]
[BlackElo "2617"]
[PlyCount "41"]
[EventDate "2025.04.09"]
[EventType "swiss"]
[EventCountry "ISL"]
[SourceTitle "playchess.com"]
[Source "ChessBase"]
[SourceQuality "1"]
[TimeControl "40/5400+30:1800+30"]

1. Nf3 d5 2. g3 Nf6 3. Bg2 c5 4. O-O g6 5. d4 cxd4 6. Nxd4 Bg7 7. c4 O-O 8. cxd5 Nxd5 9. Nb3 e6 10. Nc3 Nxc3 11. bxc3 Qc7 12. Ba3 Rd8 13. Qc2 Bd7 14. Rfd1 Bc6 15. Rxd8+ Qxd8 16. Rd1 Qc7 17. Qd3 Nd7 18. Bd6 Qb6 19. Bxc6 Qxc6 20. Na5 Qxc3 21. Qxc3 1/2-1/2

[Event "Reykjavik Open 2025"]
[Site "Reykjavik"]
[Date "2025.04.13"]
[Round "6.3"]
[White "Ivic, Velimir"]
[Black "Ivanchuk, Vasyl"]
[Result "0-1"]
[Annotator "ChessBase"]
[ECO "C88"]
[WhiteElo "2623"]
[BlackElo "2604"]
[PlyCount "133"]
[EventDate "2025.04.09"]
[EventType "swiss"]
[EventCountry "ISL"]
[SourceTitle "playchess.com"]
[Source "ChessBase"]
[SourceQuality "1"]
[TimeControl "40/5400+30:1800+30"]

1. e4 e5 2. Nf3 Nc6 3. Bb5 a6 4. Ba4 Nf6 5. O-O Be7 6. Re1 b5 7. Bb3 O-O 8. h3 Bb7 9. d3 d6 10. a3 Nb8 11. Nc3 Nbd7 12. Ne2 Re8 13. Ng3 Bf8 14. Ng5 d5 15. exd5 Nc5 16. c4 Nxb3 17. Qxb3 c6 18. dxc6 Bxc6 19. N5e4 h6 20. Be3 bxc4 21. Nxf6+ Qxf6 22. dxc4 Qg6 23. Rac1 Re6 24. Qc2 h5 25. h4 Be7 26. Qxg6 Rxg6 27. Bd4 f6 28. b4 Rg4 29. b5 Bxa3 30. Ra1 axb5 31. cxb5 Bb7 32. Be3 Rxh4 33. Red1 Rha4 34. Rd7 Bc8 35. Rd8+ Kh7 36. Nxh5 Kg6 37. Ng3 Bb7 38. Rd7 Bc8 39. Rc7 Bg4 40. b6 Bd6 41. Rxa4 Rxa4 42. Ra7 Rb4 43. f3 Rb1+ 44. Kh2 e4 45. Ra4 Bf5 46. fxe4 Be6 47. Ra8 Rb3 48. b7 Be5 49. Bf2 Rxb7 50. Ra6 Bg4 51. Ra2 Rb3 52. Ra5 Rc3 53. Rb5 Ra3 54. Rd5 Rb3 55. Ra5 Kh6 56. Rd5 g6 57. Ra5 Bd7 58. Rc5 Ra3 59. Rd5 Bc6 60. Rc5 Ba8 61. Rb5 Rd3 62. Ra5 Bb7 63. Rb5 Bc8 64. Rd5 Rb3 65. Rc5 Bb7 66. Ra5 Bd6 67. Ra4 0-1

[Event "Reykjavik Open 2025"]
[Site "Reykjavik"]
[Date "2025.04.13"]
[Round "6.4"]
[White "Larkin, Vladyslav"]
[Black "Lu, Shanglei"]
[Result "0-1"]
[Annotator "ChessBase"]
[ECO "D00"]
[WhiteElo "2449"]
[BlackElo "2618"]
[PlyCount "54"]
[EventDate "2025.04.09"]
[EventType "swiss"]
[EventCountry "ISL"]
[SourceTitle "playchess.com"]
[Source "ChessBase"]
[SourceQuality "1"]
[TimeControl "40/5400+30:1800+30"]

1. d4 Nf6 2. Bg5 d5 3. Nd2 c5 4. dxc5 e6 5. e4 Bxc5 6. Qe2 h6 7. Bxf6 Qxf6 8. O-O-O O-O 9. Ngf3 Nc6 10. Kb1 a5 11. g4 a4 12. c3 a3 13. Nb3 b6 14. e5 Qg6+ 15. Qc2 Qxg4 16. Nfd4 Nxe5 17. Re1 Qf4 18. Rg1 axb2 19. Re3 Rd8 20. Reg3 Bf8 21. Nd2 Ba6 22. Bh3 Nc4 23. Nxc4 Bxc4 24. Rg4 Qxh2 25. Nxe6 fxe6 26. R4g3 Rxa2 27. Bxe6+ Kh8 0-1

[Event "Reykjavik Open 2025"]
[Site "Reykjavik"]
[Date "2025.04.13"]
[Round "6.5"]
[White "Gupta, Abhijeet"]
[Black "Kjartansson, Gudmundur"]
[Result "1-0"]
[Annotator "ChessBase"]
[ECO "A50"]
[WhiteElo "2576"]
[BlackElo "2450"]
[PlyCount "127"]
[EventDate "2025.04.09"]
[EventType "swiss"]
[EventCountry "ISL"]
[SourceTitle "playchess.com"]
[Source "ChessBase"]
[SourceQuality "1"]
[TimeControl "40/5400+30:1800+30"]

1. d4 Nf6 2. c4 e6 3. Bf4 d5 4. cxd5 Nxd5 5. Bg3 c5 6. e4 Nf6 7. Nd2 Nc6 8. e5 Nd5 9. Ngf3 Nxd4 10. Nxd4 cxd4 11. Bc4 Nb6 12. Bd3 Bd7 13. O-O Bc6 14. Rc1 Rc8 15. a3 h5 16. h3 Be7 17. Ne4 Qd5 18. Re1 a6 19. Nd6+ Bxd6 20. Be4 Qb5 21. exd6 O-O 22. Bd3 Qd5 23. Rxc6 Rxc6 24. Re5 Qa2 25. Rg5 Nd7 26. Qxh5 f5 27. Qh6 Rf7 28. Qh4 Rc1+ 29. Kh2 Qa1 30. Bf4 Rh1+ 31. Kg3 Nf6 32. Be5 Qd1 33. Qxd4 Ne4+ 34. Bxe4 Qxd4 35. Bxd4 fxe4 36. Re5 Rd7 37. Rxe6 Kf7 38. Rxe4 Rxd6 39. Rf4+ Kg8 40. Rg4 Rd7 41. Bc3 Rhd1 42. h4 R1d5 43. f3 Kf8 44. Rf4+ Kg8 45. Re4 R7d6 46. Kf2 Kf7 47. g4 g6 48. Rf4+ Kg8 49. Kg3 Rd7 50. Re4 Kf8 51. Re6 g5 52. hxg5 Rxg5 53. f4 Rd3+ 54. Kh4 Rg8 55. g5 Kf7 56. f5 Rc8 57. g6+ Kf8 58. Re4 Rf3 59. f6 Rcxc3 60. bxc3 Rxf6 61. Kg5 Rc6 62. Kh6 Rc8 63. Kh7 Rc7+ 64. Kh8 1-0

[Event "Reykjavik Open 2025"]
[Site "Reykjavik"]
[Date "2025.04.13"]
[Round "6.6"]
[White "Gorshtein, Ido"]
[Black "Garifullina, Leya"]
[Result "1/2-1/2"]
[Annotator "ChessBase"]
[ECO "A20"]
[WhiteElo "2557"]
[BlackElo "2459"]
[PlyCount "113"]
[EventDate "2025.04.09"]
[EventType "swiss"]
[EventCountry "ISL"]
[SourceTitle "playchess.com"]
[Source "ChessBase"]
[SourceQuality "1"]
[TimeControl "40/5400+30:1800+30"]

1. c4 e5 2. g3 c6 3. d4 e4 4. a3 d5 5. Nc3 Be7 6. Bg2 Nf6 7. f3 exf3 8. Nxf3 O-O 9. O-O dxc4 10. e4 Bg4 11. Be3 Nbd7 12. h3 Bxf3 13. Qxf3 Ne8 14. h4 Nc7 15. Rad1 Qe8 16. Kh1 Rd8 17. Qg4 Kh8 18. h5 c5 19. h6 g6 20. e5 cxd4 21. e6 Nxe6 22. Bxd4+ Nxd4 23. Qxd4+ f6 24. Rde1 g5 25. Bd5 Bc5 26. Qxc4 Qh5+ 27. Kg2 b6 28. Rh1 Qg6 29. Be4 Ne5 30. Qe2 f5 31. Bf3 Rfe8 32. Rd1 Rxd1 33. Qxd1 g4 34. Bd5 f4 35. gxf4 Nd3 36. Rf1 Re3 37. Be4 Qh5 38. Rh1 Nxf4+ 39. Kf1 Rd3 40. Rxh5 Rxd1+ 41. Nxd1 Nxh5 42. Kg2 Bd4 43. Bf5 Nf6 44. Nf2 Bxf2 45. Kxf2 Ng8 46. Bxg4 Nxh6 47. Bh3 Kg7 48. Ke3 Kf6 49. Ke4 Nf7 50. Kd5 Ne5 51. Bf1 h5 52. Kd6 h4 53. Kc7 Nf3 54. Kb7 Nd2 55. Bh3 Nc4 56. Kxa7 Nxb2 57. Bf1 1/2-1/2

[Event "Reykjavik Open 2025"]
[Site "Reykjavik"]
[Date "2025.04.13"]
[Round "6.7"]
[White "Tahay, Alexis"]
[Black "Amar, Elham"]
[Result "0-1"]
[Annotator "ChessBase"]
[ECO "B91"]
[WhiteElo "2397"]
[BlackElo "2546"]
[PlyCount "118"]
[EventDate "2025.04.09"]
[EventType "swiss"]
[EventCountry "ISL"]
[SourceTitle "playchess.com"]
[Source "ChessBase"]
[SourceQuality "1"]
[TimeControl "40/5400+30:1800+30"]

1. e4 c5 2. Nf3 d6 3. d4 cxd4 4. Nxd4 Nf6 5. Nc3 a6 6. g3 e5 7. Nde2 b5 8. Nd5 Nxd5 9. Qxd5 Ra7 10. Be3 Be6 11. Qd2 Rb7 12. Nc3 Be7 13. Nd5 O-O 14. O-O-O Bxd5 15. Qxd5 Qc7 16. Rd3 Nd7 17. Rc3 Qb8 18. Qc6 Nc5 19. h4 Bd8 20. Be2 Ba5 21. Bxc5 dxc5 22. Ra3 Rc8 23. Qd5 Rd8 24. Qxc5 Rc7 25. Qe3 Bd2+ 26. Qxd2 Rxd2 27. Kxd2 Qb6 28. Rf1 g6 29. Kc1 Qd4 30. f3 Kg7 31. Rb3 Rc5 32. a3 a5 33. g4 h6 34. h5 gxh5 35. gxh5 b4 36. a4 Qd7 37. Bb5 Qh3 38. Kb1 Qxh5 39. Rd3 Qh2 40. Rc1 Qf2 41. Rdd1 Qxf3 42. Rg1+ Kf8 43. Rcd1 Rc8 44. Bd3 b3 45. cxb3 Rd8 46. Rgf1 Qe3 47. Rfe1 Qb6 48. Kc2 h5 49. Re2 h4 50. Rh1 Rxd3 51. Kxd3 Qxb3+ 52. Kd2 Qxb2+ 53. Kd3 Qd4+ 54. Kc2 Qxa4+ 55. Kd2 Qa2+ 56. Kd3 Qb3+ 57. Kd2 h3 58. Rhh2 a4 59. Ke1 a3 0-1

[Event "Reykjavik Open 2025"]
[Site "Reykjavik"]
[Date "2025.04.13"]
[Round "6.8"]
[White "Kirk, Ezra"]
[Black "Sokolovsky, Yahli"]
[Result "1-0"]
[Annotator "ChessBase"]
[ECO "B51"]
[WhiteElo "2394"]
[BlackElo "2546"]
[PlyCount "65"]
[EventDate "2025.04.09"]
[EventType "swiss"]
[EventCountry "ISL"]
[SourceTitle "playchess.com"]
[Source "ChessBase"]
[SourceQuality "1"]
[TimeControl "40/5400+30:1800+30"]

1. e4 c5 2. Nf3 d6 3. Bb5+ Nd7 4. O-O a6 5. Bxd7+ Bxd7 6. c3 Nf6 7. Re1 e6 8. d4 Be7 9. e5 dxe5 10. dxe5 Nd5 11. c4 Nb6 12. Nbd2 Qc7 13. Qe2 f5 14. exf6 gxf6 15. Ne4 O-O-O 16. Bd2 Rhg8 17. Ba5 Rg4 18. Ne5 Rxe4 19. Qxe4 fxe5 20. Qxh7 Bd6 21. Qg6 Qc6 22. Rad1 Bc7 23. b3 Rf8 24. Qg7 Bd6 25. Rxd6 Qxd6 26. Bxb6 e4 27. Ba5 Bc6 28. Bc7 Qd2 29. Qxf8+ Kxc7 30. Qg7+ Kb6 31. Qa1 Ka5 32. Re3 Kb6 33. h4 1-0

[Event "Reykjavik Open 2025"]
[Site "Reykjavik"]
[Date "2025.04.13"]
[Round "6.9"]
[White "Papp, Gabor"]
[Black "Prraneeth Vuppala"]
[Result "1/2-1/2"]
[Annotator "ChessBase"]
[ECO "B56"]
[WhiteElo "2502"]
[BlackElo "2433"]
[PlyCount "69"]
[EventDate "2025.04.09"]
[EventType "swiss"]
[EventCountry "ISL"]
[SourceTitle "playchess.com"]
[Source "ChessBase"]
[SourceQuality "1"]
[TimeControl "40/5400+30:1800+30"]

1. e4 c5 2. Nf3 d6 3. d4 cxd4 4. Nxd4 Nf6 5. Nc3 e5 6. Bb5+ Nbd7 7. Nf5 a6 8. Ba4 b5 9. Bb3 Nc5 10. Bg5 Bxf5 11. exf5 Be7 12. Bxf6 Bxf6 13. Qf3 e4 14. Nxe4 Bxb2 15. Nxd6+ Qxd6 16. Qxa8+ Kd7 17. Qa7+ Kc6 18. O-O Bxa1 19. Rxa1 Rd8 20. c4 b4 21. Re1 Qd7 22. Ba4+ Nxa4 23. Qxa6+ Nb6 24. c5 Qb7 25. Qxb7+ Kxb7 26. cxb6 Rd2 27. g4 Rxa2 28. Re4 Ra4 29. g5 f6 30. g6 hxg6 31. fxg6 Kxb6 32. Kg2 Kc6 33. h4 Kd6 34. h5 Ra5 35. Rxb4 1/2-1/2

[Event "Reykjavik Open 2025"]
[Site "Reykjavik"]
[Date "2025.04.13"]
[Round "6.10"]
[White "Willems, Niels"]
[Black "Royal, Shreyas"]
[Result "0-1"]
[Annotator "ChessBase"]
[ECO "A17"]
[WhiteElo "2394"]
[BlackElo "2465"]
[PlyCount "124"]
[EventDate "2025.04.09"]
[EventType "swiss"]
[EventCountry "ISL"]
[SourceTitle "playchess.com"]
[Source "ChessBase"]
[SourceQuality "1"]
[TimeControl "40/5400+30:1800+30"]

1. c4 e6 2. Nc3 d5 3. e3 Nf6 4. Nf3 b6 5. cxd5 exd5 6. g3 Bd6 7. Bg2 O-O 8. O-O Re8 9. b3 Nbd7 10. Bb2 Ba6 11. d3 Nc5 12. Ne1 c6 13. b4 Ne6 14. b5 cxb5 15. Nxd5 Nxd5 16. Bxd5 Rc8 17. e4 Qe7 18. Nc2 Bc5 19. d4 Bb4 20. Qd3 Red8 21. Ne3 Qd7 22. Rac1 Bf8 23. f4 Bb7 24. f5 Bxd5 25. Nxd5 Nc7 26. Nf4 b4 27. Rc2 Nb5 28. Rxc8 Rxc8 29. e5 Qc6 30. Rc1 Nc3 31. Ne2 Nxe2+ 32. Qxe2 Qb7 33. Rxc8 Qxc8 34. Qd3 b5 35. d5 Qc4 36. Qxc4 bxc4 37. Bd4 f6 38. e6 b3 39. axb3 cxb3 40. Kf1 Ba3 41. Ke2 b2 42. Bxb2 Bxb2 43. d6 Kf8 44. g4 Be5 45. d7 Ke7 46. h4 Bg3 47. h5 a5 48. Kd3 a4 49. Kc4 a3 50. Kb3 Bd6 51. Ka2 Kd8 52. Kb3 Kc7 53. Ka2 Be7 54. Kb3 h6 55. Ka2 Kd6 56. Kxa3 Ke5+ 57. Ka4 Kf4 58. Kb5 Kxg4 59. Kc6 Kxf5 60. Kd5 g5 61. hxg6 Kxg6 62. Kc6 Kf5 0-1

[Event "Reykjavik Open 2025"]
[Site "Reykjavik"]
[Date "2025.04.13"]
[Round "6.11"]
[White "Hjartarson, Johann"]
[Black "Terrieux, Kevin"]
[Result "1-0"]
[Annotator "ChessBase"]
[ECO "A25"]
[WhiteElo "2461"]
[BlackElo "2394"]
[PlyCount "53"]
[EventDate "2025.04.09"]
[EventType "swiss"]
[EventCountry "ISL"]
[SourceTitle "playchess.com"]
[Source "ChessBase"]
[SourceQuality "1"]
[TimeControl "40/5400+30:1800+30"]

1. c4 e5 2. g3 Nc6 3. Bg2 g6 4. Nc3 Bg7 5. e3 d6 6. Nge2 Nge7 7. d3 h5 8. h4 Bg4 9. Rb1 a5 10. a3 Qd7 11. b4 axb4 12. axb4 O-O 13. b5 Nd8 14. Qb3 c6 15. Ba3 f6 16. d4 Nf7 17. d5 cxb5 18. Nxb5 Bxe2 19. Kxe2 f5 20. c5 Nc8 21. c6 Qe7 22. Rhc1 e4 23. Nc7 Rxa3 24. Qxa3 bxc6 25. Ne6 Re8 26. Rxc6 Qf6 27. Rb8 1-0

[Event "Reykjavik Open 2025"]
[Site "Reykjavik"]
[Date "2025.04.13"]
[Round "6.12"]
[White "Adhiban, B.."]
[Black "Nissinen, Niilo Man"]
[Result "1-0"]
[Annotator "ChessBase"]
[ECO "A17"]
[WhiteElo "2554"]
[BlackElo "2268"]
[PlyCount "81"]
[EventDate "2025.04.09"]
[EventType "swiss"]
[EventCountry "ISL"]
[SourceTitle "playchess.com"]
[Source "ChessBase"]
[SourceQuality "1"]
[TimeControl "40/5400+30:1800+30"]

1. c4 e6 2. Nc3 Bb4 3. Nf3 Nf6 4. g4 h6 5. Rg1 d5 6. Qa4+ Nc6 7. Ne5 Be7 8. Nxc6 bxc6 9. d4 O-O 10. g5 Nd7 11. gxh6 g6 12. Qc2 Bf6 13. Bd2 c5 14. dxc5 Nxc5 15. Bg2 Bb7 16. O-O-O Rb8 17. Be3 d4 18. Bxb7 Rxb7 19. Ne4 Nxe4 20. Qxe4 Rb4 21. b3 c5 22. Bd2 Rb8 23. h4 Kh8 24. Bg5 a5 25. Qf4 Bxg5 26. Rxg5 a4 27. Rxc5 axb3 28. axb3 Rxb3 29. Rxd4 Qe7 30. Rd7 e5 31. Qg5 Qe6 32. Rd8 Rb1+ 33. Kxb1 Qb6+ 34. Kc2 Rxd8 35. Qxe5+ f6 36. Qe7 Rd2+ 37. Kxd2 Qb2+ 38. Kd3 Qb1+ 39. Ke3 Qc1+ 40. Ke4 Qh1+ 41. f3 1-0

[Event "Reykjavik Open 2025"]
[Site "Reykjavik"]
[Date "2025.04.13"]
[Round "6.13"]
[White "Haug, Havard"]
[Black "Jacobson, Brandon"]
[Result "1/2-1/2"]
[Annotator "ChessBase"]
[ECO "C45"]
[WhiteElo "2339"]
[BlackElo "2570"]
[PlyCount "78"]
[EventDate "2025.04.09"]
[EventType "swiss"]
[EventCountry "ISL"]
[SourceTitle "playchess.com"]
[Source "ChessBase"]
[SourceQuality "1"]
[TimeControl "40/5400+30:1800+30"]

1. e4 e5 2. Nf3 Nc6 3. d4 exd4 4. Nxd4 Nf6 5. Nxc6 bxc6 6. Bd3 d6 7. O-O Be7 8. b3 Ng4 9. Bb2 Bf6 10. Bxf6 Qxf6 11. Nd2 Ne5 12. Nc4 O-O 13. Nxe5 Qxe5 14. Qf3 a5 15. Qg3 Qc5 16. a4 Ba6 17. Rfe1 Rfe8 18. Rad1 Bxd3 19. Qxd3 Rab8 20. Re3 Rb4 21. Qc3 Qxc3 22. Rxc3 c5 23. f3 f6 24. Kf2 Kf7 25. Rd5 g6 26. g4 Ke6 27. h4 Rh8 28. Kg3 h5 29. gxh5 c6 30. Rd1 Rxh5 31. Re3 c4 32. bxc4 Rxc4 33. Red3 d5 34. exd5+ Rxd5 35. Re1+ Kf5 36. Re2 Rdc5 37. Rd6 Rd5 38. Re4 Rxe4 39. fxe4+ Kxe4 1/2-1/2

[Event "Reykjavik Open 2025"]
[Site "Reykjavik"]
[Date "2025.04.13"]
[Round "6.14"]
[White "George Samir, David"]
[Black "Maze, Sebastien"]
[Result "1/2-1/2"]
[Annotator "ChessBase"]
[ECO "E60"]
[WhiteElo "2303"]
[BlackElo "2557"]
[PlyCount "82"]
[EventDate "2025.04.09"]
[EventType "swiss"]
[EventCountry "ISL"]
[SourceTitle "playchess.com"]
[Source "ChessBase"]
[SourceQuality "1"]
[TimeControl "40/5400+30:1800+30"]

1. d4 Nf6 2. c4 g6 3. h4 h5 4. Nc3 d6 5. e4 Bg7 6. Nf3 Bg4 7. Be2 O-O 8. Be3 Nbd7 9. Qd2 c5 10. O-O Rc8 11. b3 Re8 12. Rac1 Qa5 13. Rfd1 Bxf3 14. Bxf3 cxd4 15. Bxd4 Ne5 16. Be2 Nc6 17. Be3 Nd7 18. Nd5 Qxd2 19. Rxd2 Nc5 20. f3 a5 21. Nc3 Kh7 22. Nb5 Bh6 23. Bxh6 Kxh6 24. Rb1 Rg8 25. Kf2 Ne6 26. g3 Nc5 27. Nc3 f5 28. exf5 gxf5 29. f4 Rg6 30. Rd5 Rf8 31. Bf3 Nb4 32. Rd2 Nbd3+ 33. Kg2 Nxf4+ 34. Kh2 Nfd3 35. Be2 f4 36. Bxd3 Rxg3 37. Rbd1 Rfg8 38. Nd5 R3g4 39. Kh3 Rg3+ 40. Kh2 R3g4 41. Kh3 Rg3+ 1/2-1/2

[Event "Reykjavik Open 2025"]
[Site "Reykjavik"]
[Date "2025.04.13"]
[Round "6.15"]
[White "Stefansson, Vignir Vatnar"]
[Black "Dushyant Sharma"]
[Result "1-0"]
[Annotator "ChessBase"]
[ECO "E06"]
[WhiteElo "2536"]
[BlackElo "2313"]
[PlyCount "55"]
[EventDate "2025.04.09"]
[EventType "swiss"]
[EventCountry "ISL"]
[SourceTitle "playchess.com"]
[Source "ChessBase"]
[SourceQuality "1"]
[TimeControl "40/5400+30:1800+30"]

1. d4 d5 2. c4 e6 3. Nf3 Nf6 4. g3 Be7 5. Bg2 O-O 6. Nc3 dxc4 7. Ne5 c5 8. dxc5 Qxd1+ 9. Nxd1 Bxc5 10. Ne3 c3 11. bxc3 Bxe3 12. Bxe3 Nd5 13. Bc5 Re8 14. c4 Nb6 15. a4 N8d7 16. Nxd7 Bxd7 17. a5 Nxc4 18. Bxb7 Rab8 19. a6 Bc8 20. Bc6 Rd8 21. Bxa7 Rb2 22. O-O Ne5 23. Bd4 Rxd4 24. a7 Nxc6 25. a8=Q Ne7 26. Ra7 Kf8 27. Rc1 Rd8 28. Rxe7 1-0

[Event "Reykjavik Open 2025"]
[Site "Reykjavik"]
[Date "2025.04.13"]
[Round "6.16"]
[White "Cornette, Matthieu"]
[Black "Bhagat Kush"]
[Result "1-0"]
[Annotator "ChessBase"]
[ECO "D13"]
[WhiteElo "2528"]
[BlackElo "2301"]
[PlyCount "87"]
[EventDate "2025.04.09"]
[EventType "swiss"]
[EventCountry "ISL"]
[SourceTitle "playchess.com"]
[Source "ChessBase"]
[SourceQuality "1"]
[TimeControl "40/5400+30:1800+30"]

1. d4 d5 2. c4 c6 3. cxd5 cxd5 4. Bf4 Nc6 5. Nc3 Nf6 6. e3 a6 7. Be2 Bf5 8. Nf3 e6 9. Qb3 Bd6 10. Bxd6 Qxd6 11. Qxb7 O-O 12. Qb3 Rfb8 13. Qa3 Qxa3 14. bxa3 Na5 15. Ne5 Ne4 16. Na4 f6 17. Nd7 Rb7 18. f3 Nc3 19. Nxf6+ gxf6 20. Nxc3 Rc8 21. Na4 Rc2 22. Rf1 Nc4 23. Bxc4 Rxc4 24. Nc5 Rb2 25. Rf2 Rcc2 26. Rxc2 Rxc2 27. Kf1 Rc3 28. g4 Bg6 29. Kf2 Kf7 30. Nxa6 Rxa3 31. Nb4 h5 32. gxh5 Bxh5 33. Rb1 Rc3 34. Rb3 Rc1 35. Nd3 Rc2+ 36. Kg3 Bg6 37. Rb7+ Ke8 38. Nc5 Bf5 39. a4 e5 40. a5 Ra2 41. a6 Bc8 42. Rb6 Ke7 43. Rc6 Bf5 44. Rc7+ 1-0

[Event "Reykjavik Open 2025"]
[Site "Reykjavik"]
[Date "2025.04.13"]
[Round "6.17"]
[White "Kunin, Vitaly"]
[Black "Golis, Wiktor"]
[Result "1-0"]
[Annotator "ChessBase"]
[ECO "C01"]
[WhiteElo "2522"]
[BlackElo "2293"]
[PlyCount "85"]
[EventDate "2025.04.09"]
[EventType "swiss"]
[EventCountry "ISL"]
[SourceTitle "playchess.com"]
[Source "ChessBase"]
[SourceQuality "1"]
[TimeControl "40/5400+30:1800+30"]

1. e4 e6 2. d4 d5 3. exd5 exd5 4. Nf3 Bd6 5. c4 Nf6 6. c5 Be7 7. Bd3 b6 8. Qc2 O-O 9. O-O c6 10. Ne5 bxc5 11. dxc5 h6 12. Be3 Nfd7 13. Nf3 Ba6 14. Bh7+ Kh8 15. Re1 Bxc5 16. Bxc5 Nxc5 17. Qxc5 Kxh7 18. Nc3 Kg8 19. Nd4 Bb7 20. Nf5 Na6 21. Qd4 Qg5 22. Nd6 Bc8 23. Re3 c5 24. Qxd5 Qxd5 25. Nxd5 Be6 26. Nf4 Rfd8 27. Nb5 Bxa2 28. h4 Nb4 29. Rc3 c4 30. Rg3 Bb3 31. Nc3 Rd4 32. Nh5 g6 33. Nf6+ Kg7 34. Nfe4 Nd3 35. Ra6 Nxb2 36. h5 Rd3 37. hxg6 Rxg3 38. fxg3 fxg6 39. Nd5 Nd1 40. Nc7 Rc8 41. Rxa7 g5 42. Nd5+ Kf8 43. Nd6 1-0

[Event "Reykjavik Open 2025"]
[Site "Reykjavik"]
[Date "2025.04.13"]
[Round "6.18"]
[White "Xu, Yuanyuan"]
[Black "Sivuk, Vitaly"]
[Result "0-1"]
[Annotator "ChessBase"]
[ECO "E46"]
[WhiteElo "2288"]
[BlackElo "2505"]
[PlyCount "54"]
[EventDate "2025.04.09"]
[EventType "swiss"]
[EventCountry "ISL"]
[SourceTitle "playchess.com"]
[Source "ChessBase"]
[SourceQuality "1"]
[TimeControl "40/5400+30:1800+30"]

1. d4 Nf6 2. c4 e6 3. Nc3 Bb4 4. e3 O-O 5. Nge2 Re8 6. a3 Bf8 7. e4 d5 8. e5 Nfd7 9. h4 c5 10. Bg5 Qb6 11. cxd5 cxd4 12. Nxd4 exd5 13. Be2 Nxe5 14. Nxd5 Qc5 15. Nb5 Bg4 16. Ne3 Bxe2 17. Qxe2 a6 18. Nc3 Nbc6 19. O-O h6 20. Bxh6 Nd4 21. Qd1 Rad8 22. Ned5 Rxd5 23. Nxd5 Qxd5 24. Be3 Nef3+ 25. Kh1 Qe4 26. gxf3 Nxf3 27. Qd7 Ne5+ 0-1

[Event "Reykjavik Open 2025"]
[Site "Reykjavik"]
[Date "2025.04.13"]
[Round "6.19"]
[White "Le Goff, Ronan"]
[Black "Zierk, Steven"]
[Result "1-0"]
[Annotator "ChessBase"]
[ECO "D11"]
[WhiteElo "2282"]
[BlackElo "2501"]
[PlyCount "99"]
[EventDate "2025.04.09"]
[EventType "swiss"]
[EventCountry "ISL"]
[SourceTitle "playchess.com"]
[Source "ChessBase"]
[SourceQuality "1"]
[TimeControl "40/5400+30:1800+30"]

1. Nf3 d5 2. d4 Nf6 3. g3 c6 4. Bg2 Bf5 5. O-O h6 6. c4 e6 7. Nc3 Be7 8. Qb3 Qb6 9. c5 Qc7 10. Bf4 Qc8 11. Rac1 O-O 12. Qd1 Nbd7 13. b4 Ne4 14. a4 b6 15. Nxe4 Bxe4 16. Bd6 Bxf3 17. Bxf3 Qd8 18. Bxe7 Qxe7 19. e4 bxc5 20. exd5 exd5 21. dxc5 Rfd8 22. Bg2 a5 23. Re1 Qf8 24. b5 Nxc5 25. bxc6 Qd6 26. Bxd5 Kh8 27. Qf3 Rac8 28. Red1 Qf8 29. Qc3 Nxa4 30. Qd4 Qb4 31. Rc4 Qb5 32. c7 Rd7 33. Rxa4 Rxd5 34. Qxd5 Qxa4 35. Qd8+ Kh7 36. Rd7 Qb4 37. Qxc8 Qe1+ 38. Kg2 Qe4+ 39. Kg1 Qe1+ 40. Kg2 Qe4+ 41. Kf1 Qh1+ 42. Ke2 Qe4+ 43. Kd2 Qb4+ 44. Kd3 Qb3+ 45. Kd4 Qb6+ 46. Kd5 Qb5+ 47. Kd6 Qb6+ 48. Ke7 Qc5+ 49. Ke8 Kg8 50. Re7 1-0